cohdb
Replays
Latest Replays
All Replays
Popular Replays
Top Player Replays
Match Explorer
How It Works
Community
CoH3 Stats
Reddit
Sign in to upload your games and track your stats! →
Sign in with Steam
Match 42515539
Unlisted
Match 42515539
Overview
Messages
Build Orders
End
Construct Barracks
Riflemen Squad
1⁄4-ton 4x4 Truck
Riflemen Squad
Grenade Package
M1 Mortar Team
Construct Medical Station
Selects Heavy Weapons
Construct Weapon Support Center
Mechanized Support Center
Riflemen Squad
Bazooka Squad
Selects Assault Carriers
M3 Assault Carrier
Designate Forward Repair Station
M1918 Browning Automatic Rifles
Selects M2HB .50cal Heavy Machine Gun
Selects Gallant Stand
Construct Tank Depot
Selects Black Dragon Artillery Barrage
PlayboyDiCaprio
Malin
Bruistablet
Alex
0
0
Comments
sign in to comment!
No comments posted yet!